BSA
ST CHARLES SHEENS @ VISTA PANTHERS
07/09/2028
 
TOP OF THE 1ST
St Charles Sheens batting - Pitching for Vista Panthers : RHP Dale Reese
Pitching: RHP Dale Reese
Batting: RHB Miguel Palácios 0-0: Ball
1-0: Ball
2-0: Called Strike
2-1: Fly out, F6 (Line Drive, 6)
Batting: RHB Jesús Hernández 0-0: Called Strike
0-1: Ball
1-1: Ball
2-1: Swinging Strike
2-2: Fly out, F6 (Line Drive, 6M)
Batting: RHB Alfredo Hernández 0-0: Foul Ball, location: 2F
0-1: Ground out 6-3 (Groundball, 6)
Top of the 1st over - 0 run(s), 0 hit(s), 0 error(s), 0 left on base; St Charles 0 - Vista 0
BOTTOM OF THE 1ST
Vista Panthers batting - Pitching for St Charles Sheens : RHP Joe O'Sullivan
Pitching: RHP Joe O'Sullivan
Batting: RHB Justin Burgess 0-0: SINGLE (Line Drive, 3D)
Batting: LHB Dante Owens 0-0: Ball
1-0: Fly out, F8 (Flyball, 8LM)
Batting: LHB Juan Cortés 0-0: Called Strike
0-1: Ball
1-1: Foul Ball, location: 2F
1-2: Ball
2-2: Foul Ball, location: 2F
2-2: Foul Ball, location: 2F
2-2: Grounds into double play, 5-4-3 (Groundball, 5L)
Bottom of the 1st over - 0 run(s), 1 hit(s), 0 error(s), 0 left on base; St Charles 0 - Vista 0
TOP OF THE 2ND
St Charles Sheens batting - Pitching for Vista Panthers : RHP Dale Reese
Batting: RHB Dan Tyler 0-0: Ball
1-0: Ball
2-0: Ball
3-0: Base on Balls
Batting: LHB Juan Jose Rojas 0-0: Called Strike
0-1: Swinging Strike
0-2: Ball
1-2: Ball
2-2: Fly out, F7 (Line Drive, 7S)
Batting: LHB Larry Howard 0-0: Ball
1-0: Ball
Passed Ball!
Dan Tyler to second
2-0: Foul Ball, location: 2F
2-1: Foul Ball, location: 2F
2-2: Fly out, F7 (Flyball, 7)
Batting: LHB Stan Bates 0-0: Foul Ball, location: 2F
0-1: Foul Ball, location: 2F
0-2: SINGLE (Line Drive, 56D)
Dan Tyler to third
Runner from 3rd tries for Home, SAFE, no throw
Batting: RHB Daniel Robert 0-0: Ball
1-0: Ball
2-0: Fly out, F8 (Flyball, 8RD)
Top of the 2nd over - 1 run(s), 1 hit(s), 0 error(s), 1 left on base; St Charles 1 - Vista 0
BOTTOM OF THE 2ND
Vista Panthers batting - Pitching for St Charles Sheens : RHP Joe O'Sullivan
Batting: SHB Mark Wells 0-0: Foul Ball, location: 2F
0-1: Fly out, F7 (Line Drive, 7S)
Batting: RHB Cisco Gatán 0-0: Foul Ball, location: 2F
0-1: Swinging Strike
0-2: Ball
1-2: Foul Ball, location: 2F
1-2: SINGLE (Flyball, 8RM)
Batting: LHB Francisco Marino 0-0: Called Strike
0-1: Foul Ball, location: 2F
0-2: Ball
1-2: SINGLE (Line Drive, 56D)
Cisco Gatán to second
Batting: RHB António López 0-0: Ball
1-0: Foul Ball, location: 2F
1-1: Ball
2-1: Called Strike
2-2: Ball
Passed Ball!
Cisco Gatán to third
Francisco Marino to second
3-2: SINGLE (Line Drive, 6MD)
Cisco Gatán scores
Francisco Marino to third
Batting: RHB Alfredo Rivera 0-0: Ball
1-0: Ball
António López steals 2nd base
2-0: Fly out, F8 (Flyball, 8LS)
Batting: RHB Phil Matthews 0-0: Ground out 5-3 (Groundball, 5S)
Bottom of the 2nd over - 1 run(s), 3 hit(s), 0 error(s), 2 left on base; St Charles 1 - Vista 1
TOP OF THE 3RD
St Charles Sheens batting - Pitching for Vista Panthers : RHP Dale Reese
Batting: LHB Kyle Harrison 0-0: Ball
1-0: Swinging Strike
1-1: Called Strike
1-2: Foul Ball, location: 2F
1-2: SINGLE (Groundball, 4MD)
Batting: RHB Miguel Palácios 0-0: Ball
1-0: Fly out, F7 (Flyball, 78D)
Batting: RHB Jesús Hernández 0-0: Called Strike
0-1: Ball
1-1: Ball
2-1: SINGLE (Groundball, 6MD)
Kyle Harrison to second
Batting: RHB Alfredo Hernández 0-0: Called Strike
0-1: Called Strike
0-2: Ball
1-2: Fly out, F4 (Popup, 34D)
Batting: RHB Dan Tyler 0-0: Ball
1-0: Ball
2-0: Called Strike
2-1: DOUBLE (Flyball, 89D)
Kyle Harrison scores
Jesús Hernández to third
Runner from 3rd tries for Home, throw and OUT!
Top of the 3rd over - 1 run(s), 3 hit(s), 0 error(s), 1 left on base; St Charles 2 - Vista 1
BOTTOM OF THE 3RD
Vista Panthers batting - Pitching for St Charles Sheens : RHP Joe O'Sullivan
Batting: RHB Justin Burgess 0-0: DOUBLE (Groundball, 5L)
Batting: LHB Dante Owens 0-0: Ball
1-0: Called Strike
1-1: Ball
2-1: Ball
3-1: Foul Ball, location: 2F
3-2: Foul Ball, location: 2F
3-2: SINGLE (Groundball, 4MD)
Justin Burgess to third
Batting: LHB Juan Cortés 0-0: Ball
1-0: Fly out, F7 (Flyball, 7S)
Batting: SHB Mark Wells 0-0: Ball
1-0: Ball
2-0: Fielders Choice at 2nd, 6-4 (Groundball, 6M)
Justin Burgess scores
Batting: RHB Cisco Gatán 0-0: Ball
1-0: Called Strike
1-1: Swinging Strike
1-2: Ball
2-2: Fly out, F9 (Flyball, 9LSF)
Bottom of the 3rd over - 1 run(s), 2 hit(s), 0 error(s), 1 left on base; St Charles 2 - Vista 2
TOP OF THE 4TH
St Charles Sheens batting - Pitching for Vista Panthers : RHP Dale Reese
Batting: LHB Juan Jose Rojas 0-0: Foul Ball, location: 2F
0-1: Ball
1-1: Called Strike
1-2: Ball
2-2: Foul Ball, location: 2F
2-2: Ground out 4-3 (Groundball, 4)
Batting: LHB Larry Howard 0-0: Ball
1-0: Swinging Strike
1-1: Swinging Strike
1-2: Foul Ball, location: 2F
1-2: Ball
2-2: Ball
3-2: Ground out 4-3 (Groundball, 4)
Pitching: RHP Doug Singleton
Batting: LHB Stan Bates 0-0: Called Strike
0-1: Foul Ball, location: 2F
0-2: Ball
1-2: Strikes out swinging
Top of the 4th over - 0 run(s), 0 hit(s), 0 error(s), 0 left on base; St Charles 2 - Vista 2
BOTTOM OF THE 4TH
Vista Panthers batting - Pitching for St Charles Sheens : RHP Joe O'Sullivan
Batting: LHB Francisco Marino 0-0: Called Strike
0-1: Ball
1-1: Ground out U3 (Groundball, 3L)
Batting: RHB António López 0-0: Ball
1-0: Ground out 5-3 (Groundball, 56)
Batting: RHB Alfredo Rivera 0-0: Called Strike
0-1: Foul Ball, location: 2F
0-2: Ball
1-2: Ball
2-2: Fly out, F9 (Flyball, 9)
Bottom of the 4th over - 0 run(s), 0 hit(s), 0 error(s), 0 left on base; St Charles 2 - Vista 2
TOP OF THE 5TH
St Charles Sheens batting - Pitching for Vista Panthers : RHP Doug Singleton
Batting: RHB Daniel Robert 0-0: SINGLE (Line Drive, 6)
Batting: LHB Kyle Harrison 0-0: Ball
1-0: Ball
2-0: Foul Ball, location: 2F
2-1: Called Strike
2-2: Strikes out swinging
Batting: RHB Miguel Palácios 0-0: Ball
1-0: SINGLE (Flyball, 9LS)
Daniel Robert to second
Batting: RHB Jesús Hernández 0-0: Ball
1-0: Swinging Strike
1-1: Swinging Strike
1-2: Foul Ball, location: 2F
1-2: Foul Ball, location: 2F
1-2: Foul Ball, location: 2F
1-2: Ball
2-2: SINGLE (Groundball, 56) (infield hit)
Daniel Robert to third
Miguel Palácios to second
Batting: RHB Alfredo Hernández 0-0: Swinging Strike
0-1: Foul Ball, location: 2F
0-2: Strikes out looking
Batting: RHB Dan Tyler 0-0: Ball
1-0: Foul Ball, location: 2F
1-1: DOUBLE (Flyball, 78XD)
Daniel Robert scores
Miguel Palácios scores
Jesús Hernández to third
Pitching: RHP Yajirobei Endo
Batting: LHB Juan Jose Rojas 0-0: DOUBLE (Line Drive, 9LM)
Jesús Hernández scores
Dan Tyler scores
Batting: LHB Larry Howard 0-0: Ball
1-0: Ground out 1-3 (Groundball, 13)
Top of the 5th over - 4 run(s), 5 hit(s), 0 error(s), 1 left on base; St Charles 6 - Vista 2
BOTTOM OF THE 5TH
Vista Panthers batting - Pitching for St Charles Sheens : RHP Joe O'Sullivan
Batting: RHB Phil Matthews 0-0: Ball
1-0: SINGLE (Line Drive, 5D)
Batting: RHB Justin Burgess 0-0: Ball
1-0: Foul Ball, location: 2F
1-1: Fly out, F9 (Line Drive, 9S)
Batting: LHB Dante Owens 0-0: Called Strike
0-1: Called Strike
Pickoff Throw to First - Out!
0-2: Ball
1-2: Ball
2-2: Ball
3-2: Fly out, F7 (Flyball, 7LD)
Bottom of the 5th over - 0 run(s), 1 hit(s), 0 error(s), 0 left on base; St Charles 6 - Vista 2
TOP OF THE 6TH
St Charles Sheens batting - Pitching for Vista Panthers : RHP Yajirobei Endo
Batting: LHB Stan Bates 0-0: Called Strike
0-1: Fly out, F6 (Popup, 6MD)
Batting: RHB Daniel Robert 0-0: Called Strike
0-1: Fly out, F7 (Flyball, 7)
Batting: LHB Kyle Harrison 0-0: Ground out 4-3 (Groundball, 4)
Top of the 6th over - 0 run(s), 0 hit(s), 0 error(s), 0 left on base; St Charles 6 - Vista 2
BOTTOM OF THE 6TH
Vista Panthers batting - Pitching for St Charles Sheens : RHP Joe O'Sullivan
Batting: LHB Juan Cortés 0-0: Ball
1-0: Ground out 4-3 (Groundball, 34)
Batting: SHB Mark Wells 0-0: Ball
1-0: Ball
2-0: Fly out, F7 (Flyball, 7)
Batting: RHB Cisco Gatán 0-0: Ball
1-0: Ball
2-0: Ball
3-0: Base on Balls
Batting: LHB Francisco Marino 0-0: Ball
1-0: Ball
2-0: 2-RUN HOME RUN (Flyball, 9LD), Distance : 344 ft
Batting: RHB António López 0-0: Swinging Strike
0-1: Fly out, F7 (Flyball, 7D)
Bottom of the 6th over - 2 run(s), 1 hit(s), 0 error(s), 0 left on base; St Charles 6 - Vista 4
TOP OF THE 7TH
St Charles Sheens batting - Pitching for Vista Panthers : RHP Yajirobei Endo
Batting: RHB Miguel Palácios 0-0: Called Strike
0-1: Ball
1-1: Ground out 5-3 (Groundball, 56)
Batting: RHB Jesús Hernández 0-0: Ball
1-0: Swinging Strike
1-1: Ground out 6-3 (Groundball, 6)
Batting: RHB Alfredo Hernández 0-0: Called Strike
0-1: Ball
1-1: Ball
2-1: SINGLE (Flyball, 8LS)
Batting: RHB Dan Tyler 0-0: Ball
1-0: Called Strike
1-1: Called Strike
1-2: Strikes out swinging, 2-3 out at first.
Top of the 7th over - 0 run(s), 1 hit(s), 0 error(s), 1 left on base; St Charles 6 - Vista 4
BOTTOM OF THE 7TH
Vista Panthers batting - Pitching for St Charles Sheens : RHP Joe O'Sullivan
Pitching: RHP Jeff Lynn
Batting: RHB Alfredo Rivera 0-0: Foul Ball, location: 2F
0-1: Ball
1-1: SINGLE (Groundball, 34D)
Batting: RHB Phil Matthews 0-0: Called Strike
0-1: Grounds into double play, 6-4-3 (Groundball, 6)
Batting: RHB Justin Burgess 0-0: Called Strike
0-1: Called Strike
0-2: Strikes out swinging
Bottom of the 7th over - 0 run(s), 1 hit(s), 0 error(s), 0 left on base; St Charles 6 - Vista 4
TOP OF THE 8TH
St Charles Sheens batting - Pitching for Vista Panthers : RHP Yajirobei Endo
Batting: LHB Juan Jose Rojas 0-0: Ball
1-0: Called Strike
1-1: Ball
2-1: Swinging Strike
2-2: Fly out, F9 (Line Drive, 9LD)
Batting: LHB Larry Howard 0-0: Ball
1-0: Called Strike
1-1: Swinging Strike
1-2: Ball
2-2: Ball
3-2: Base on Balls
Pitching: LHP António Martínez
Batting: LHB Stan Bates 0-0: Ball
1-0: Ground out U3 (Groundball, 34)
Larry Howard to second
Batting: RHB Daniel Robert 0-0: Ball
1-0: Fly out, F4 (Flyball, 4D)
Top of the 8th over - 0 run(s), 0 hit(s), 0 error(s), 1 left on base; St Charles 6 - Vista 4
BOTTOM OF THE 8TH
Vista Panthers batting - Pitching for St Charles Sheens : RHP Jeff Lynn
Batting: LHB Dante Owens 0-0: Swinging Strike
0-1: Ball
1-1: Ball
2-1: DOUBLE (Flyball, 9D)
Pitching: RHP Juan Rivera
Batting: LHB Juan Cortés 0-0: Ball
1-0: Ball
2-0: Ground out 5-3 (Groundball, 56)
Batting: SHB Mark Wells 0-0: Ball
1-0: Fly out, F7 (Flyball, 7S)
Batting: RHB Cisco Gatán 0-0: Ball
1-0: Ground out 5-3 (Groundball, 5S)
Bottom of the 8th over - 0 run(s), 1 hit(s), 0 error(s), 1 left on base; St Charles 6 - Vista 4
TOP OF THE 9TH
St Charles Sheens batting - Pitching for Vista Panthers : LHP António Martínez
Pitching: RHP David Simpson
Batting: LHB Kyle Harrison 0-0: Ball
1-0: Foul Ball, location: 2F
1-1: Swinging Strike
1-2: Ball
2-2: Ground out 6-3 (Groundball, 6)
Batting: RHB Miguel Palácios 0-0: Foul Ball, location: 2F
0-1: Ground out 5-3 (Groundball, 56)
Batting: RHB Jesús Hernández 0-0: Called Strike
0-1: Foul Ball, location: 2F
0-2: Fly out, F8 (Flyball, 78M)
Top of the 9th over - 0 run(s), 0 hit(s), 0 error(s), 0 left on base; St Charles 6 - Vista 4
BOTTOM OF THE 9TH
Vista Panthers batting - Pitching for St Charles Sheens : RHP Juan Rivera
Pitching: RHP Álex Villegas
Batting: LHB Francisco Marino 0-0: Ball
1-0: SINGLE (Line Drive, 5S)
Pinch Hitting: RHB Mario Beltrán 0-0: Called Strike
0-1: Ball
1-1: Called Strike
1-2: Foul Ball, location: 2F
1-2: Foul Ball, location: 2F
1-2: Strikes out swinging
Batting: RHB Alfredo Rivera 0-0: Foul Ball, location: 2F
0-1: Ball
1-1: Foul Ball, location: 2F
1-2: Ball
2-2: SINGLE (Line Drive, 6M)
Francisco Marino to second
Pitching: RHP Irwin Conway
Batting: RHB Phil Matthews 0-0: Called Strike
0-1: Grounds into double play, 6-4-3 (Groundball, 6)
Bottom of the 9th over - 0 run(s), 2 hit(s), 0 error(s), 1 left on base; St Charles 6 - Vista 4
Tuesday, August 8th, 2017 - OOTP Baseball 17.12 Build 75